 Dungeon Sprint DCSS version 0.17-a0-1738-g82cdc46 (webtiles) character file.

84642 Kidiri the Executioner (level 15, -3/152 HPs)
             Began as a Minotaur Fighter on Aug 30, 2015.
             Was a High Priest of Okawaru.
             Slain by the Serpent of Hell (8 damage)
             ... while paralysed by a giant eyeball
             ... in the Dungeon (Sprint V: "Ziggurat Sprint").
             The game lasted 00:29:59 (3287 turns).

Kidiri the Executioner (Minotaur Fighter)           Turns: 3287, Time: 00:29:59

Health: -3/152     AC: 41    Str: 35      XL:     15   Next: 35%
Magic:  35/42      EV:  2    Int: 10      God:    Okawaru [*****.]
Gold:   0          SH:  0    Dex: 11 (12) Spells: 0 memorised, 14 levels left

rFire  + + .     SeeInvis +     y - +14 obsidian axe {chop, +Fly Str+3 SInv *Curse} (curse)
rCold  + . .     Clarity  .     A - +15 Maxwell's patent armour {-Cast -Tele rElec MR+ rCorr}
rNeg   + + +     SustAt   .     B - +18 shield of the gong {rElec rN+ MR+ EV-5}
rPois  +         Gourm    .     X - +3 hat of Pondering {ponderous, MR+ MP+10 Int+5}
rElec  +         Spirit   .     K - -5 cloak of the Iron City of Dis {rN+ MP+9 Dex+2}
rCorr  +         Warding  .     (no gloves)
rMut   .         NoTele   +     S - +2 pair of boots of the Assassin {DetectMon Stab+ Stlth++}
MR     +++++     NoCast   +     V - amulet of the Messenger {*Corrode +Rage rF+ rN+}
Stlth  +.........               O - ring "Sejocur" {rPois rF- rC+ MR+}
                                Q - ring "Dodwivot" {rF++ Stlth+}

@: paralysed, mighty, heroism, finesse, weakened, mesmerised, slow, almost
entirely resistant to hostile enchantments, very unstealthy
A: retaliatory headbutt, horns 2, deterioration 2, low mp 1, MP-powered wands
a: Heroism, Finesse, Renounce Religion, Evoke Berserk Rage, Evoke Flight


You were in the Dungeon.
You worshipped Okawaru.
Okawaru was extremely pleased with you.
You were not hungry.

You visited 1 branch

Inventory:

Hand weapons
 y - the cursed +14 obsidian axe (weapon) {chop, +Fly Str+3 SInv *Curse}
   (You found it in the Dungeon)

   It inflicts extra damage upon your enemies.
   It affects your strength (+3).
   It lets you see invisible.
   It lets you fly.
   It may re-curse itself when equipped.
   It has a curse placed upon it.
Missiles
 T - 16 javelins of penetration (quivered)
Armour
 A - the +15 Maxwell's patent armour (worn) {-Cast -Tele rElec MR+ rCorr}
   (You found it in the Dungeon)

   It insulates you from electricity.
   It affects your resistance to hostile enchantments.
   It prevents spellcasting.
   It prevents most forms of teleportation.
   It protects you from acid and corrosion.
 B - the +18 shield of the gong (worn) {rElec rN+ MR+ EV-5}
   (You found it in the Dungeon)

   It affects your evasion (-5).
   It insulates you from electricity.
   It protects you from negative energy.
   It affects your resistance to hostile enchantments.
 K - the -5 cloak of the Iron City of Dis (worn) {rN+ MP+9 Dex+2}
   (You found it in the Dungeon)

   It affects your dexterity (+2).
   It protects you from negative energy.
   It affects your magic capacity (+9).
 S - the +2 pair of boots of the Assassin (worn) {DetectMon Stab+ Stlth++}
   (You found it in the Dungeon)

   It makes you much more stealthy.
 X - the +3 hat of Pondering (worn) {ponderous, MR+ MP+10 Int+5}
   (You found it in the Dungeon)

   It affects your intelligence (+5).
   It affects your resistance to hostile enchantments.
   It affects your magic capacity (+10).
Jewellery
 c - the ring of Robustness {AC+8}
   (You found it in the Dungeon)

   [ring of protection]

   It affects your AC (+8).
 C - an uncursed amulet of clarity
 D - a +6 ring of strength
 E - a +6 ring of strength
 L - a +2 ring of evasion
 N - the ring "Jaizim" {EV+1 Int+2}
   (You found it in the Dungeon)

   [ring of evasion]

   It affects your evasion (+1).
   It affects your intelligence (+2).
 O - the ring "Sejocur" (right hand) {rPois rF- rC+ MR+}
   (You took it off a balrug in the Dungeon)

   [ring of protection from magic]

   It makes you vulnerable to fire.
   It protects you from cold.
   It protects you from poison.
   It affects your resistance to hostile enchantments.
 P - the ring of Broken Luck {rN+ Int+4 Dex+3}
   (You found it in the Dungeon)

   [ring of positive energy]

   It affects your intelligence (+4).
   It affects your dexterity (+3).
   It protects you from negative energy.
 Q - the ring "Dodwivot" (left hand) {rF++ Stlth+}
   (You took it off a merfolk javelineer in the Dungeon)

   [ring of stealth]

   It greatly protects you from fire.
   It makes you more stealthy.
 R - the amulet "Uhaosh" {rMut rElec Int+2}
   (You found it in the Dungeon)

   [amulet of resist mutation]

   It protects you from mutation.
   It affects your intelligence (+2).
   It insulates you from electricity.
 V - the amulet of the Messenger (around neck) {*Corrode +Rage rF+ rN+}
   (You took it off a centaur warrior in the Dungeon)

   [amulet of rage]

   It protects you from fire.
   It protects you from negative energy.
   It lets you go berserk.
   It may corrode your equipment when you take damage.
Magical devices
 o - a wand of hasting (6)
 F - a wand of disintegration (7)
 G - a wand of fire (5)
 H - a wand of cold (5)
 I - a wand of draining (5)
 J - a wand of hasting (4)
Scrolls
 a - 4 scrolls of brand weapon
 b - a scroll of acquirement
 k - 4 scrolls of blinking
 q - 4 scrolls of amnesia
 r - 3 scrolls of recharging
 s - 8 scrolls of fog
 t - a scroll of holy word
 u - 5 scrolls of identify
 v - 4 scrolls of remove curse
 w - 2 scrolls of fear
 M - 4 scrolls of enchant armour
 U - 4 scrolls of enchant weapon
Potions
 d - 6 potions of might
 f - 10 potions of curing
 g - 2 potions of heal wounds
 h - 7 potions of haste
 i - 7 potions of magic
 j - 3 potions of berserk rage
 l - 2 potions of brilliance
 m - 2 potions of invisibility
 n - 3 potions of resistance
 p - 6 potions of agility
Comestibles
 e - 3 bread rations
 x - 42 fruits
 z - 4 meat rations


   Skills:
 * Level 19.1(24.1) Fighting
 - Level 22.9(27) Axes
 + Level 2.0(7.0) Throwing
 - Level 22.0(27) Armour
 * Level 17.7(22.7) Dodging
 - Level 22.9(27) Shields
 + Level 15.5 Invocations
 + Level 7.1 Evocations


You had 14 spell levels left.
You didn't know any spells.

Dungeon Overview and Level Annotations

Branches:
Dungeon (1/1)

Altars:
Ashenzari
Cheibriados
Dithmenos
Elyvilon
Fedhas
Gozag
Kikubaaqudgha
Makhleb
Nemelex Xobeh
Okawaru
Qazlal
Ru
Sif Muna
Trog
Vehumet
Xom
Yredelemnul
Zin
The Shining One
Beogh
Jiyva
Lugonu

Annotations:
D Asmodeus, Boris, Chuck, Dispater, Dissolution, Donald, Frances, Margery, Murray, Norris, Serpent of Hell, Sonja, Wiglaf, Xtahua


Innate Abilities, Weirdness & Mutations

You reflexively headbutt those who attack you in melee.
You have a pair of horns on your head.
Your body often deteriorates upon taking damage.
Your magical capacity is low (-10% MP).
You expend magic power (3 MP) to strengthen your wands.


Message History

The golden eye dies!
Chuck throws a large rock of returning.
The large rock of returning hits you!
* * * LOW HITPOINT WARNING * * *
The weapon returns to Chuck!
Norris sighs, "Enlightenment is such responsibility."
Norris mumbles some strange prayers to his god against you.
You resist with almost no effort.
Visions of slaying the Serpent of Hell flood into your mind.
You are engulfed in roaring flames.
You resist.
* * * LOW HITPOINT WARNING * * *
The shadow dragon burns!
Dispater gestures.
Wiglaf is engulfed in roaring flames.
Asmodeus hits you but does no damage.
Xtahua roars, "I HOPE YOU'RE TASTY!"
Dissolution is engulfed in roaring flames.
The Serpent of Hell bites you!!
* * * LOW HITPOINT WARNING * * *
Your body deteriorates!
You feel clumsy.
You are engulfed in flames!
You resist.
You die...

{ {{ {{ ▓...)))).
..::|.[):.:.}..▓....).).
....(|}[}))....▓........
▓......)3.......▓..▓.....
▓......23.......▓.▓.▓....
▓.....@DzD4.....▓..▓.....
▓....@@§L&2.....▓........
▓....GgDJ@Cn....▓........
▓....GD&@)§n....▓▓▓▓▓▓▓▓▓
▓...G.§32R§§....
▓...▓..§§§§.▓...
▓(.........§....
▓....(.(...(....
▓.......(.......
▓▓▓▓▓▓▓▓▓▓▓▓▓▓▓▓


{{{{{{{{{{{ You could see Dispater, Asmodeus, the Serpent of Hell, Norris
(invisible), Dissolution, Margery, Murray, Boris, Wiglaf, Xtahua, a shadow
dragon (burning), Frances, Chuck, a storm dragon, a cacodemon, Donald, 2
balrugs, a hellwing, an eye of draining, a smoke demon, an efreet, a neqoxec, 2
necrophages, 2 giant eyeballs and a friendly smoke demon.

Vanquished Creatures
  2 orbs of fire (D)
  the Lernaean hydra (D)
  A deep elf master archer (D)
  2 shadow dragons (D)
  A thorn hunter (D)
  A fire giant (D)
  A greater naga (D)
  A ghoul (D)
  5 balrugs (D)
  2 spriggan defenders (D)
  2 stone giants (D)
  2 vampire knights (D)
  A dire elephant (D)
  2 merfolk javelineers (D)
  3 merfolk impalers (D)
  A fire dragon (D)
  3 yaktaur captains (D)
  4 naga warriors (D)
  3 spriggan air magi (D)
  2 centaur warriors (D)
  A merfolk avatar (D)
  2 anacondas (D)
  A merfolk aquamancer (D)
  4 spriggan berserkers (D)
  A satyr (D)
  6 vampire magi (D)
  7 soul eaters (D)
  3 spriggans (D)
  2 hell hogs (D)
  3 skeletal warriors (D)
  2 sea snakes (D)
  3 necromancers (D)
  A hornet (D)
  An oklob plant (D)
  4 cyclopes (D)
  A griffon (D)
  An eye of devastation (D)
  Joseph (D)
  4 yaktaurs (D)
  3 dryads (D)
  3 naga magi (D)
  A fire drake (D)
  A merfolk (D)
  3 wind drakes (D)
  4 efreet (D)
  A slime creature (D)
  3 trolls (D)
  3 snapping turtles (D)
  3 shadows (D)
  2 fire elementals (D)
  3 vampires (D)
  3 golden eyes (D)
  2 wolves (D)
  5 hell hounds (D)
  2 nagas (D)
  2 water moccasins (D)
  3 orc warriors (D)
  A necrophage (D)
  4 black bears (D)
  3 wasps (D)
  2 ogres (D)
  2 centaurs (D)
  A wight (D)
  2 jellies (D)
  2 crimson imps (D)
  Terence (D)
  2 orc wizards (D)
  An iguana (D)
  3 orc priests (D)
  2 adders (D)
  2 river rats (D)
  A shadow imp (D)
  2 white imps (D)
  3 giant eyeballs (D)
  An ooze (D)
  3 spectral adders (D)
  5 adder skeletons (D)
  3 spectral bats (D)
  2 bat skeletons (D)
  3 bat zombies (D)
  3 ball pythons (D)
  A giant gecko skeleton (D)
  A giant gecko zombie (D)
  A jackal zombie (D)
  A quokka skeleton (D)
  A quokka zombie (D)
  2 spectral giant cockroaches (D)
  A spectral giant gecko (D)
  A spectral quokka (D)
  6 briar patches (D)
  A fire vortex (D)
205 creatures vanquished.

Vanquished Creatures (collateral kills)
  A stone giant (D)
  A vampire knight (D)
  A merfolk javelineer (D)
  A spriggan air mage (D)
  A shambling mangrove (D)
  A hill giant (D)
  A spriggan druid (D)
  A vampire (D)
  A yak (D)
  A spriggan (D)
  A shadow (D)
  A wolf (D)
  An orc warrior (D)
  2 black bears (D)
  A wasp (D)
  A centaur (D)
  A wight (D)
  A river rat (D)
  A bat zombie (D)
  A ball python (D)
  3 briar patches (D)
24 creatures vanquished.

Vanquished Creatures (others)
  A fire dragon (D)
  Harold (D)
  Erolcha (D)
  2 fire drakes (D)
  Grinder (D)
  Eustachio (D)
  Grum (D)
  A centaur (D)
  Dowan (D)
  4 briar patches (D)
14 creatures vanquished.

Grand Total: 243 creatures vanquished

Notes
Turn   | Place    | Note
--------------------------------------------------------------
     0 | D        | Kidiri the Minotaur Fighter began the quest for the Orb.
     0 | D        | Reached XP level 1. HP: 19/19 MP: 0/0
     0 | D        | Found a roughly hewn altar of Beogh.
     0 | D        | Found a viscous altar of Jiyva.
     0 | D        | Found a corrupted altar of Lugonu.
     0 | D        | Found a white marble altar of Elyvilon.
     0 | D        | Found a sparkling altar of Nemelex Xobeh.
     1 | D        | Found a burning altar of Makhleb.
     1 | D        | Found an iron altar of Okawaru.
     1 | D        | Found a deep blue altar of Sif Muna.
     1 | D        | Found a radiant altar of Vehumet.
     1 | D        | Found a bloodstained altar of Trog.
     1 | D        | Found a shimmering altar of Xom.
     4 | D        | Killed Grum
    58 | D        | Became a worshipper of Warmaster Okawaru
   108 | D        | Reached skill level 4 in Fighting
   108 | D        | Reached skill level 5 in Armour
   108 | D        | Reached skill level 5 in Shields
   108 | D        | Reached XP level 2. HP: 24/28 MP: 0/2
   153 | D        | Entered arena 1.
   153 | D        | Noticed a golden eye
   156 | D        | Reached skill level 5 in Axes
   158 | D        | Killed a golden eye
   158 | D        | Acquired Okawaru's first power
   158 | D        | Reached skill level 5 in Fighting
   158 | D        | Reached skill level 6 in Axes
   158 | D        | Reached skill level 7 in Armour
   158 | D        | Reached XP level 3. HP: 34/37 MP: 2/4
   158 | D        | Reached XP level 4. HP: 40/44 MP: 2/5
   158 | D        | Reached XP level 5. HP: 45/50 MP: 2/6
   199 | D        | Entered arena 2.
   200 | D        | Paralysed by a giant eyeball for 2 turns
   214 | D        | Killed Eustachio
   219 | D        | Entered arena 3.
   219 | D        | Noticed an iguana
   223 | D        | Killed an iguana
   223 | D        | Killed Erolcha
   253 | D        | Entered arena 4.
   258 | D        | Reached skill level 8 in Armour
   333 | D        | Entered arena 5.
   333 | D        | Noticed a black bear
   333 | D        | Noticed a black bear
   333 | D        | Noticed a wolf
   333 | D        | Noticed a wolf
   333 | D        | Noticed a black bear
   334 | D        | Killed Harold
   335 | D        | Killed a wolf
   335 | D        | Reached skill level 9 in Armour
   335 | D        | Reached skill level 5 in Dodging
   335 | D        | Reached XP level 6. HP: 56/58 MP: 4/8
   336 | D        | Killed a black bear
   338 | D        | Killed a wolf
   338 | D        | Reached skill level 5 in Invocations
   338 | D        | Reached XP level 7. HP: 61/66 MP: 4/9
   339 | D        | Killed a black bear
   339 | D        | Reached skill level 10 in Armour
   339 | D        | Killed a black bear
   339 | D        | Reached skill level 10 in Shields
   385 | D        | Entered arena 6.
   385 | D        | Noticed a jelly
   385 | D        | Noticed a jelly
   385 | D        | Noticed a golden eye
   385 | D        | Noticed a golden eye
   385 | D        | Noticed an eye of devastation
   385 | D        | Noticed a slime creature
   389 | D        | Killed a golden eye
   389 | D        | Reached skill level 10 in Axes
   389 | D        | Killed a jelly
   390 | D        | Killed a jelly
   391 | D        | Killed a golden eye
   391 | D        | Reached XP level 8. HP: 70/74 MP: 8/11
   392 | D        | Killed an eye of devastation
   392 | D        | Reached skill level 11 in Axes
   392 | D        | Killed a slime creature
   415 | D        | Entered arena 7.
   415 | D        | Noticed a crimson imp
   415 | D        | Noticed a hell hound
   415 | D        | Noticed a crimson imp
   415 | D        | Noticed a hell hound
   419 | D        | Killed a hell hound
   419 | D        | Killed a crimson imp
   421 | D        | Killed a hell hound
   421 | D        | Killed a crimson imp
   439 | D        | Got the cursed -5 cloak of the Iron City of Dis {rN+ MP+9 Dex+2}
   556 | D        | Entered arena 8.
   556 | D        | Noticed a troll
   556 | D        | Noticed an ogre
   556 | D        | Noticed a troll
   556 | D        | Noticed an ogre
   556 | D        | Noticed a troll
   556 | D        | Noticed a cyclops
   556 | D        | Noticed a hill giant
   559 | D        | Noticed a red devil
   560 | D        | Killed a troll
   560 | D        | Reached skill level 12 in Armour
   560 | D        | Reached XP level 9. HP: 81/83 MP: 13/13
   560 | D        | Killed an ogre
   561 | D        | Killed an ogre
   563 | D        | Killed a troll
   563 | D        | Killed a hill giant
   564 | D        | Killed Dowan
   565 | D        | Killed a troll
   568 | D        | Killed a cyclops
   568 | D        | Acquired Okawaru's second power
   568 | D        | Reached skill level 13 in Armour
   569 | D        | Killed a red devil
   773 | D        | Entered arena 9.
   773 | D        | Noticed a black bear
   773 | D        | Noticed a black bear
   773 | D        | Noticed a black bear
   773 | D        | Noticed a spriggan
   773 | D        | Noticed a spriggan druid
   773 | D        | Noticed a wolf
   773 | D        | Noticed a spriggan rider
   773 | D        | Noticed a spriggan
   774 | D        | Identified a +4 rod of the swarm (5/10)
   777 | D        | Killed a spriggan rider
   777 | D        | Killed a wasp
   777 | D        | Reached skill level 10 in Fighting
   777 | D        | Reached XP level 10. HP: 93/93 MP: 15/15
   777 | D        | Killed a spriggan
   777 | D        | Killed a black bear
   778 | D        | Killed a wolf
   780 | D        | Killed a black bear
   783 | D        | Killed a spriggan
   784 | D        | Killed a black bear
   785 | D        | Killed a spriggan druid
   785 | D        | Reached skill level 14 in Armour
   861 | D        | Entered arena 10.
   861 | D        | Noticed an orc warrior
   861 | D        | Noticed an orc warrior
   861 | D        | Noticed an orc warrior
   861 | D        | Noticed an orc priest
   861 | D        | Noticed an orc priest
   861 | D        | Noticed an orc priest
   861 | D        | Noticed an orc wizard
   861 | D        | Noticed an orc wizard
   861 | D        | Noticed an orc warrior
   866 | D        | Killed an orc warrior
   866 | D        | Received a gift from Okawaru
   866 | D        | Killed an orc priest
   869 | D        | Killed an orc warrior
   871 | D        | Killed an orc wizard
   872 | D        | Killed an orc warrior
   872 | D        | Killed an orc priest
   873 | D        | Killed an orc priest
   875 | D        | Killed an orc warrior
   876 | D        | Killed an orc wizard
  1061 | D        | Entered arena 11.
  1061 | D        | Noticed a dryad
  1061 | D        | Noticed a spriggan defender
  1061 | D        | Noticed a spriggan rider
  1061 | D        | Noticed a spriggan air mage
  1061 | D        | Noticed a wind drake
  1062 | D        | Noticed a dryad
  1062 | D        | Noticed a dire elephant
  1062 | D        | Noticed a spriggan air mage
  1062 | D        | Noticed a spriggan berserker
  1062 | D        | Noticed a spriggan berserker
  1068 | D        | Killed a spriggan berserker
  1069 | D        | Killed a wind drake
  1070 | D        | Killed a dryad
  1073 | D        | Killed a dryad
  1074 | D        | Killed a spriggan air mage
  1075 | D        | Killed a spriggan berserker
  1075 | D        | Reached skill level 15 in Armour
  1075 | D        | Reached skill level 10 in Dodging
  1075 | D        | Reached XP level 11. HP: 86/102 MP: 16/16
  1077 | D        | Killed a spriggan defender
  1077 | D        | Reached skill level 15 in Axes
  1077 | D        | Reached skill level 15 in Shields
  1081 | D        | Killed a dire elephant
  1081 | D        | Received a gift from Okawaru
  1082 | D        | Killed a spriggan air mage
  1084 | D        | Killed a spriggan rider
  1084 | D        | Killed a wasp
  1084 | D        | Reached skill level 16 in Armour
  1191 | D        | Entered arena 12.
  1191 | D        | Noticed a griffon
  1191 | D        | Noticed a merfolk avatar
  1191 | D        | Noticed a merfolk impaler
  1191 | D        | Noticed a merfolk impaler
  1191 | D        | Noticed a snapping turtle
  1192 | D        | Noticed a wind drake
  1192 | D        | Noticed a snapping turtle
  1192 | D        | Noticed a merfolk javelineer
  1192 | D        | Noticed a merfolk impaler
  1192 | D        | Noticed a merfolk aquamancer
  1192 | D        | Noticed a merfolk
  1197 | D        | Killed a griffon
  1201 | D        | Killed a merfolk
  1202 | D        | Killed a snapping turtle
  1202 | D        | Killed a merfolk impaler
  1202 | D        | Reached skill level 10 in Invocations
  1202 | D        | Killed a wind drake
  1203 | D        | Killed a snapping turtle
  1204 | D        | Killed a merfolk javelineer
  1205 | D        | Killed a merfolk aquamancer
  1212 | D        | Killed a merfolk impaler
  1212 | D        | Received a gift from Okawaru
  1215 | D        | Killed a merfolk impaler
  1215 | D        | Reached skill level 17 in Armour
  1215 | D        | Reached XP level 12. HP: 79/113 MP: 18/18
  1220 | D        | Killed a merfolk avatar
  1395 | D        | Killed Grinder
  1612 | D        | Entered arena 13.
  1612 | D        | Noticed a snapping turtle
  1613 | D        | Noticed a shadow dragon
  1613 | D        | Noticed a soul eater
  1613 | D        | Noticed a soul eater
  1614 | D        | Noticed a soul eater
  1614 | D        | Noticed a soul eater
  1616 | D        | Noticed a soul eater
  1621 | D        | Killed a snapping turtle
  1631 | D        | Killed a soul eater
  1631 | D        | Killed a soul eater
  1632 | D        | Killed a soul eater
  1633 | D        | Killed a shadow dragon
  1636 | D        | Killed a soul eater
  1638 | D        | Killed a soul eater
  1653 | D        | Got the ring "Jaizim" {EV+1 Int+2}
  1705 | D        | Entered arena 14.
  1705 | D        | Noticed a sea snake
  1705 | D        | Noticed a sea snake
  1707 | D        | Noticed a spriggan berserker
  1707 | D        | Noticed a hornet
  1707 | D        | Killed a sea snake
  1708 | D        | Noticed a spriggan defender
  1708 | D        | Noticed a wind drake
  1708 | D        | Noticed a thorn hunter
  1708 | D        | Noticed a dryad
  1708 | D        | Noticed a satyr
  1708 | D        | Noticed a spriggan berserker
  1709 | D        | Noticed a shambling mangrove
  1709 | D        | Noticed a spriggan air mage
  1712 | D        | Killed a sea snake
  1712 | D        | Reached skill level 18 in Armour
  1713 | D        | Noticed an oklob plant
  1713 | D        | Noticed a spriggan air mage
  1713 | D        | Noticed a yak
  1716 | D        | Killed a wind drake
  1721 | D        | Killed a spriggan berserker
  1721 | D        | Received a gift from Okawaru
  1726 | D        | Killed a spriggan air mage
  1726 | D        | Killed a dryad
  1727 | D        | Killed a spriggan berserker
  1728 | D        | Killed a shambling mangrove
  1728 | D        | Killed a spriggan defender
  1729 | D        | Killed a thorn hunter
  1731 | D        | Killed a yak
  1731 | D        | Reached XP level 13. HP: 57/123 MP: 20/20
  1732 | D        | Killed a satyr
  1733 | D        | Killed a hornet
  1737 | D        | Killed a spriggan air mage
  1737 | D        | Reached skill level 19 in Armour
  1738 | D        | Received a gift from Okawaru
  1742 | D        | Killed an oklob plant
  1770 | D        | Got a crystal broad axe {god gift}
  1772 | D        | Identified the +3 broad axe of Ciots {flame, rF+} (Okawaru gifted it to you in the Dungeon)
  1963 | D        | Entered arena 15.
  1963 | D        | Noticed a vampire mage
  1963 | D        | Noticed a vampire mage
  1963 | D        | Noticed a vampire
  1963 | D        | Noticed a vampire knight
  1964 | D        | Noticed a necromancer
  1964 | D        | Noticed a skeletal warrior
  1964 | D        | Noticed a shadow
  1965 | D        | Noticed a shadow
  1966 | D        | Noticed a vampire
  1966 | D        | Noticed a shadow
  1968 | D        | Killed a vampire knight
  1975 | D        | Killed a vampire mage
  1976 | D        | Killed a vampire
  1978 | D        | Killed a vampire mage
  1978 | D        | Killed a shadow
  1979 | D        | Killed a skeletal warrior
  1980 | D        | Killed a shadow
  1982 | D        | Killed a necromancer
  1984 | D        | Killed a vampire
  1986 | D        | Killed a shadow
  2057 | D        | Entered arena 16.
  2060 | D        | Noticed a shadow dragon
  2060 | D        | Noticed a soul eater
  2061 | D        | Noticed a soul eater
  2072 | D        | Killed a soul eater
  2076 | D        | Killed a shadow dragon
  2078 | D        | Killed a soul eater
  2111 | D        | Entered arena 17.
  2111 | D        | Noticed a vampire mage
  2111 | D        | Noticed a vampire knight
  2111 | D        | Noticed a vampire knight
  2111 | D        | Noticed a necrophage
  2111 | D        | Noticed a wight
  2112 | D        | Noticed a vampire mage
  2113 | D        | Noticed a vampire
  2115 | D        | Noticed a vampire
  2115 | D        | Noticed a vampire mage
  2120 | D        | Killed a wight
  2121 | D        | Killed a vampire mage
  2122 | D        | Noticed a necromancer
  2122 | D        | Noticed a wight
  2122 | D        | Noticed a necromancer
  2123 | D        | Noticed a ghoul
  2124 | D        | Noticed a vampire mage
  2126 | D        | Killed a vampire knight
  2127 | D        | Noticed a skeletal warrior
  2130 | D        | Killed a vampire
  2131 | D        | Noticed a skeletal warrior
  2132 | D        | Noticed a shadow
  2136 | D        | Killed a vampire knight
  2136 | D        | Reached skill level 20 in Armour
  2136 | D        | Killed a necrophage
  2138 | D        | Killed a vampire mage
  2138 | D        | Reached skill level 15 in Fighting
  2139 | D        | Killed a vampire
  2142 | D        | Killed a necromancer
  2143 | D        | Killed a vampire mage
  2150 | D        | Killed a skeletal warrior
  2150 | D        | Received a gift from Okawaru
  2150 | D        | Killed a wight
  2151 | D        | Got a faintly humming ring mail {god gift}
  2153 | D        | Killed a necromancer
  2154 | D        | Killed a ghoul
  2154 | D        | Killed a shadow
  2155 | D        | Killed a vampire mage
  2160 | D        | Killed a skeletal warrior
  2236 | D        | Entered arena 18.
  2239 | D        | Noticed a naga mage
  2239 | D        | Noticed a naga
  2239 | D        | Noticed a water moccasin
  2239 | D        | Noticed a naga mage
  2240 | D        | Noticed a naga mage
  2240 | D        | Noticed a water moccasin
  2240 | D        | Noticed a naga warrior
  2240 | D        | Noticed a naga warrior
  2240 | D        | Noticed an anaconda
  2240 | D        | Noticed an anaconda
  2240 | D        | Noticed a naga warrior
  2240 | D        | Noticed a naga
  2240 | D        | Noticed a greater naga
  2241 | D        | Noticed a naga warrior
  2245 | D        | Killed a water moccasin
  2248 | D        | Killed an anaconda
  2249 | D        | Killed an anaconda
  2254 | D        | Killed a naga warrior
  2255 | D        | Killed a water moccasin
  2255 | D        | Killed a naga mage
  2256 | D        | Killed a naga mage
  2256 | D        | Reached XP level 14. HP: 129/135 MP: 22/22
  2256 | D        | Killed a naga
  2265 | D        | Killed a naga warrior
  2265 | D        | Killed a naga warrior
  2268 | D        | Killed a naga warrior
  2268 | D        | Reached skill level 21 in Armour
  2271 | D        | Killed a naga mage
  2273 | D        | Killed a naga
  2278 | D        | Killed a greater naga
  2324 | D        | Got the amulet "Uhaosh" {rMut rElec Int+2}
  2535 | D        | Entered arena 19.
  2540 | D        | Noticed a centaur
  2540 | D        | Noticed a stone giant
  2540 | D        | Noticed a yaktaur
  2540 | D        | Noticed a yaktaur
  2540 | D        | Noticed a deep elf master archer
  2540 | D        | Noticed a yaktaur captain
  2540 | D        | Noticed a yaktaur captain
  2540 | D        | Noticed a centaur warrior
  2540 | D        | Noticed a yaktaur
  2540 | D        | Noticed a stone giant
  2540 | D        | Noticed a cyclops
  2540 | D        | Noticed a centaur
  2541 | D        | Noticed a merfolk javelineer
  2541 | D        | Noticed a centaur
  2541 | D        | Noticed a stone giant
  2541 | D        | Noticed a cyclops
  2541 | D        | Noticed a yaktaur captain
  2541 | D        | Noticed a merfolk javelineer
  2541 | D        | Noticed a centaur warrior
  2541 | D        | Noticed a yaktaur
  2541 | D        | Noticed a centaur
  2541 | D        | Noticed a cyclops
  2547 | D        | Killed a deep elf master archer
  2547 | D        | Killed a centaur warrior
  2548 | D        | Killed a centaur
  2549 | D        | Killed a centaur
  2550 | D        | Killed a yaktaur captain
  2550 | D        | Received a gift from Okawaru
  2551 | D        | Killed a centaur
  2553 | D        | Killed a merfolk javelineer
  2553 | D        | Killed a yaktaur
  2553 | D        | Killed a stone giant
  2554 | D        | Killed a centaur warrior
  2554 | D        | Killed a yaktaur
  2556 | D        | Killed a yaktaur captain
  2557 | D        | Killed a centaur
  2558 | D        | Killed a stone giant
  2558 | D        | Reached skill level 15 in Dodging
  2560 | D        | Killed a yaktaur
  2561 | D        | Killed a cyclops
  2562 | D        | Killed a cyclops
  2562 | D        | Killed a merfolk javelineer
  2563 | D        | Killed a stone giant
  2566 | D        | Killed a yaktaur captain
  2566 | D        | Received a gift from Okawaru
  2566 | D        | Reached skill level 22 in Armour
  2569 | D        | Killed a cyclops
  2570 | D        | Killed a yaktaur
  2572 | D        | Got the amulet of the Messenger {*Corrode +Rage rF+ rN+}
  2655 | D        | Got the ring "Dodwivot" {rF++ Stlth+}
  2774 | D        | Got a distressingly furry shield {god gift}
  2802 | D        | Identified the +7 shield of Ronaito {MR+} (Okawaru gifted it to you in the Dungeon)
  2853 | D        | Entered arena 20.
  2854 | D        | Noticed a hell hound
  2857 | D        | Noticed a hell hound
  2858 | D        | Noticed a hell hound
  2858 | D        | Noticed a hell hog
  2859 | D        | Noticed a fire dragon
  2859 | D        | Noticed a fire dragon
  2859 | D        | Noticed an orb of fire
  2859 | D        | Noticed an efreet
  2859 | D        | Noticed a fire giant
  2860 | D        | Noticed a fire drake
  2860 | D        | Noticed a balrug
  2860 | D        | Noticed an orb of fire
  2860 | D        | Noticed a balrug
  2860 | D        | Noticed a balrug
  2860 | D        | Noticed a fire drake
  2860 | D        | Killed a hell hound
  2861 | D        | Noticed a fire drake
  2861 | D        | Noticed a balrug
  2861 | D        | Noticed an efreet
  2861 | D        | Noticed a hell hog
  2861 | D        | Noticed a fire elemental
  2862 | D        | Noticed a fire elemental
  2862 | D        | Noticed an efreet
  2862 | D        | Noticed an efreet
  2864 | D        | Killed a hell hog
  2864 | D        | Killed a hell hound
  2864 | D        | Reached skill level 1 in Evocations
  2865 | D        | Noticed a balrug
  2865 | D        | Gained mutation: Your magical capacity is low (-10% MP). [an orb of fire]
  2867 | D        | Killed a fire drake
  2870 | D        | Killed a balrug
  2870 | D        | Killed a hell hound
  2871 | D        | Killed a balrug
  2874 | D        | Killed a hell hog
  2876 | D        | Gained mutation: Your body sometimes deteriorates upon taking damage. [an orb of fire]
  2877 | D        | Killed a fire drake
  2879 | D        | Gained mutation: Your body often deteriorates upon taking damage. [an orb of fire]
  2880 | D        | Killed a fire elemental
  2880 | D        | Killed a fire giant
  2880 | D        | Killed a fire dragon
  2881 | D        | Killed a fire elemental
  2882 | D        | Killed an orb of fire
  2884 | D        | Killed an efreet
  2884 | D        | Killed an efreet
  2886 | D        | Killed a fire dragon
  2886 | D        | Reached XP level 15. HP: 54/147 MP: 22/22
  2886 | D        | Killed an efreet
  2887 | D        | Killed an efreet
  2889 | D        | Killed an orb of fire
  2889 | D        | Reached skill level 15 in Invocations
  2889 | D        | Killed a balrug
  2889 | D        | Killed a fire drake
  2891 | D        | Killed a balrug
  2894 | D        | Killed a balrug
  3227 | D        | Got the ring "Sejocur" {rPois rF- rC+ MR+}
  3242 | D        | Got the ring of Broken Luck {rN+ Int+4 Dex+3}
  3263 | D        | Entered arena 21.
  3263 | D        | Noticed Sonja
  3266 | D        | Noticed Terence
  3266 | D        | Noticed Joseph
  3270 | D        | Noticed Murray
  3270 | D        | Noticed Asmodeus
  3270 | D        | Noticed Boris
  3270 | D        | Noticed Chuck
  3270 | D        | Noticed Norris
  3271 | D        | Noticed the Serpent of Hell
  3271 | D        | Noticed Dissolution
  3271 | D        | Noticed the 27-headed Lernaean hydra
  3271 | D        | Noticed Dispater
  3271 | D        | Killed Terence
  3272 | D        | Noticed Donald
  3272 | D        | Noticed Xtahua
  3272 | D        | Noticed Wiglaf
  3273 | D        | Noticed Margery
  3274 | D        | Noticed Frances
  3276 | D        | Killed Joseph
  3279 | D        | Noticed a shadow dragon
  3281 | D        | Noticed a storm dragon
  3282 | D        | Killed the 27-headed Lernaean hydra
  3282 | D        | Received a gift from Okawaru
  3286 | D        | Gained mutation: You expend magic power (3 MP) to strengthen your wands. [a cacodemon]
  3286 | D        | Paralysed by a giant eyeball for 2 turns
  3287 | D        | HP: 5/152 [the Serpent of Hell (22)]
  3287 | D        | Slain by the Serpent of Hell

Vault maps used:
D:        sprint_v

Action                   |  1- 3 |  4- 6 |  7- 9 | 10-12 | 13-15 || total
-------------------------+-------+-------+-------+-------+-------++-------
Melee: Broad axe         |     3 |    14 |    23 |    98 |   182 ||   320
Throw: Javelin           |       |       |       |       |     3 ||     3
Invok: Heroism           |       |     4 |     4 |     5 |     6 ||    19
       Finesse           |       |       |       |     5 |     6 ||    11
  Use: Potion            |     1 |       |       |     2 |     8 ||    11
       Scroll            |       |       |       |       |     1 ||     1
 Stab: Distracted        |       |       |       |     2 |     6 ||     8
  Eat: Chunk             |       |       |       |     3 |       ||     3
       Bread ration      |       |       |       |     1 |     1 ||     2
